 Dungeon Crawl Stone Soup version 0.31.0-11-ge490571c62 (webtiles) character file.

Game seed: 18329172296797335139

633 qw the Shooter (level 7, -1/35 HPs)
             Began as a Spriggan Hunter on Feb 5, 2024.
             Slain by a goblin
             ... wielding a +0 dagger
             ... led by Robin
              (6 damage)
             ... on level 4 of the Dungeon.
             The game lasted 00:00:08 (2280 turns).

qw the Shooter (Spriggan Hunter)                    Turns: 2280, Time: 00:00:09

Health: -1/35      AC:  2    Str:  7    XL:     7   Next: 24%
Magic:  8/8        EV: 22    Int: 11    God:
Gold:   114        SH:  0    Dex: 20    Spells: 6/6 levels left

rFire   . . .        f - +2 arbalest (elec)
rCold   + . .        (shield currently unavailable)
rNeg    . . .        c - +0 robe
rPois   .            (helmet restricted)
rElec   .            (no cloak)
rCorr   .            (gloves unavailable)
SInv    +            (boots unavailable)
Will    ++...        (no amulet)
Stlth   ++           d - ring of willpower
HPRegen 0.25/turn    j - ring of protection from cold
MPRegen 0.11/turn

%: no passive effects
@: very quick
A: very small, no large weapons, unfitting armour, see invisible, speed 3
a: no special abilities


You were on level 4 of the Dungeon.
You visited 1 branch of the dungeon, and saw 4 of its levels.

You collected 114 gold pieces.


Innate Abilities, Weirdness & Mutations

You are very small and have problems with some larger weapons.
You are too small for most types of armour.
You have supernaturally acute eyesight. (SInv)
You cover ground extremely quickly. (Speed+++)


   Skills:
 - Level 2.2 Fighting
 + Level 7.1 Ranged Weapons
 - Level 7.0 Dodging
 - Level 1.5 Stealth


You had 6 spell levels left.
You didn't know any spells.
Your spell library was empty.

Inventory:

Hand Weapons
 f - a +2 arbalest of electrocution (weapon)
Armour
 c - a +0 robe (worn)
Jewellery
 d - a ring of willpower (left hand)
 j - a ring of protection from cold (right hand)
Scrolls
 k - a scroll of enchant armour
Potions
 e - a potion of curing
 h - a potion of cancellation

Dungeon Overview and Level Annotations

Branches:
Dungeon (4/15)
 Temple: D:4-7

Altars:


Message History

You shoot a bolt. The bolt barely misses the goblin.
The hobgoblin hits you but does no damage.
The goblin hits you with a +0 dagger. The goblin completely misses you.
You shoot a bolt. The bolt hits Robin!
Robin is almost dead.
Robin closely misses you. The hobgoblin misses you.
The goblin hits you with a +0 dagger. x2; The hobgoblin completely misses you.
Robin barely misses you.
The goblin hits you with a +0 dagger. x2
2275 ||| DRINKING potion of heal wounds.
You feel much better. Robin misses you. The hobgoblin completely misses you.
The goblin closely misses you. The goblin barely misses you.
You shoot a bolt. The bolt barely misses Robin.
The goblin no longer looks unusually strong.
Robin misses you. The hobgoblin misses you. The goblin closely misses you.
The goblin misses you.
You shoot a bolt. The bolt barely misses Robin.
Robin roars a battlecry!
The goblin goes into a battle-frenzy!
The hobgoblin misses you. The goblin misses you.
The goblin hits you but does no damage. The hobgoblin hits you.
Robin barely misses you. The goblin hits you with a +0 dagger.
The goblin misses you.
You shoot a bolt. The bolt closely misses Robin.
The goblin no longer looks unusually strong.
Robin completely misses you. The hobgoblin barely misses you.
The goblin hits you with a +0 dagger. The goblin completely misses you.
The goblin misses you.
Robin roars a battlecry!
The goblin goes into a battle-frenzy!
You shoot a bolt. The bolt closely misses Robin.
The goblin completely misses you. Robin barely misses you.
The iguana closely misses you. The goblin misses you.
The goblin hits you with a +0 dagger.
You shoot a bolt. The bolt hits Robin.
Lightning courses through Robin!
You kill Robin!
The hobgoblin no longer looks unusually strong.
The iguana bites you! The goblin completely misses you.
The goblin hits you with a +0 dagger. x2
You die...

### #.. #.# #.# #.#
####.###g##
#.....l@g.##########
#.##$.g#............
.)..##$#.#..############
%.. ..#.#..##..........
. ##.#.#.....########.
#.#.#######........
#.#.#.)...%.#..#.##
#.#.#.#.#.#..##..#
#.#..#..#..##..#


You could see an iguana, a hobgoblin and 2 goblins.

Vanquished Creatures
  A black bear (D:4)
  An orc warrior (D:4)
  2 scorpions (D:4)
  A wight (D:4)
  A bombardier beetle (D:4)
  3 hounds
  A sleepcap (D:4)
  Robin (D:4)
  A gnoll (D:3)
  5 adders
  3 dart slugs
  A ribbon worm (D:4)
  3 orcs (D:3)
  4 ball pythons
  3 bats
  4 endoplasms
  3 giant cockroaches
  8 hobgoblins
  3 jackals (D:1)
  5 kobolds
  4 quokkas
  3 frilled lizards
  13 goblins
  3 rats
77 creatures vanquished.

Notes
Turn   | Place    | Note
-------+----------+-------------------------------------------
     0 | D:1      | qw the Spriggan Hunter began the quest for the Orb.
     0 | D:1      | Reached XP level 1. HP: 10/10 MP: 2/2
     0 | D:1      | 0 ||| qw: Version: 0.3-a-160-g6735b56
     0 | D:1      | 0 ||| qw: Game counter: 6190
     0 | D:1      | 0 ||| qw: Melee chars always use a shield: true
     0 | D:1      | 0 ||| qw: God list: Okawaru
     0 | D:1      | 0 ||| qw: Allow faded altars: false
     0 | D:1      | 0 ||| qw: Do Orc after clearing Dungeon:15 true
     0 | D:1      | 0 ||| qw: Do second Lair branch before Depths: true
     0 | D:1      | 0 ||| qw: Lair rune preference: random
     0 | D:1      | 0 ||| qw: Goals: Normal
     0 | D:1      | 0 ||| PLANNING D:1-11
    78 | D:1      | Found a faded altar of an unknown god.
    97 | D:1      | Reached skill level 3 in Dodging
   194 | D:1      | Reached XP level 2. HP: 14/14 MP: 3/3
   406 | D:1      | 406 ||| READING 2 scrolls labelled IDISO MEATAO.
   407 | D:1      | 407 ||| READING scroll labelled XOJUNOBRO.
   407 | D:1      | 407 ||| IDENTIFYING inky potion
   408 | D:1      | 408 ||| DROPPING scroll of butterflies.
   409 | D:1      | 409 ||| DROPPING scroll of immolation.
   839 | D:1      | 839 ||| UPGRADING to ring of willpower.
   886 | D:2      | Reached XP level 3. HP: 18/18 MP: 4/4
  1370 | D:2      | 1370 ||| DROPPING ring of flight.
  1371 | D:2      | 1371 ||| UPGRADING to ring of protection from cold.
  1372 | D:2      | 1372 ||| READING scroll of identify.
  1372 | D:2      | 1372 ||| IDENTIFYING dark potion
  1373 | D:2      | 1373 ||| READING scroll labelled UCLEN HEIFOATA.
  1373 | D:2      | 1373 ||| ENCHANTING +0 shortbow.
  1374 | D:2      | 1374 ||| DROPPING potion of magic.
  1427 | D:3      | HP: 4/18 [poisoned by an adder]
  1429 | D:3      | Reached XP level 4. HP: 4/22 MP: 5/5
  1442 | D:3      | 1442 ||| FLEEEEING.
  1443 | D:3      | 1443 ||| FLEEEEING.
  1444 | D:3      | 1444 ||| FLEEEEING.
  1445 | D:3      | 1445 ||| FLEEEEING.
  1446 | D:3      | 1446 ||| FLEEEEING.
  1447 | D:3      | 1447 ||| FLEEEEING.
  1448 | D:3      | 1448 ||| STAIRDANCE
  1743 | D:3      | 1743 ||| RETREEEEATING.
  1763 | D:3      | Reached XP level 5. HP: 16/26 MP: 6/6
  1887 | D:3      | 1887 ||| READING scroll of identify.
  1887 | D:3      | 1887 ||| IDENTIFYING glowing pink potion
  1888 | D:3      | 1888 ||| READING 2 scrolls labelled GENEBL SUTTUL.
  1889 | D:3      | 1889 ||| READING scroll labelled NEVE XATOEF.
  1889 | D:3      | Identified a scroll of acquirement
  1889 | D:3      | 1889 ||| ACQUIRING +1 arbalest of electrocution
  1889 | D:3      | Acquired a +1 arbalest of electrocution
  1891 | D:3      | 1891 ||| SWAPPING to +1 arbalest of electrocution.
  1892 | D:3      | 1892 ||| DROPPING +0 shortbow.
  1893 | D:3      | 1893 ||| READING scroll labelled FUUFOREORCH.
  1893 | D:3      | 1893 ||| ENCHANTING +1 arbalest of electrocution.
  1894 | D:3      | 1894 ||| READING scroll labelled HOANOJI KURCH.
  1995 | D:3      | 1995 ||| READING scroll labelled LOXTEMNYOTT.
  1996 | D:3      | 1996 ||| DRINKING 2 white potions.
  1997 | D:3      | 1997 ||| DRINKING 2 orange potions.
  1998 | D:3      | 1998 ||| DROPPING scroll of poison.
  1999 | D:3      | 1999 ||| DROPPING potion of brilliance.
  2123 | D:4      | Noticed an orc warrior
  2124 | D:4      | 2124 ||| RETREEEEATING.
  2125 | D:4      | 2125 ||| RETREEEEATING.
  2127 | D:4      | 2127 ||| RETREEEEATING.
  2129 | D:4      | Noticed a black bear
  2130 | D:4      | 2130 ||| RETREEEEATING.
  2131 | D:4      | 2131 ||| RETREEEEATING.
  2132 | D:4      | Killed an orc warrior
  2133 | D:4      | Reached skill level 6 in Ranged Weapons
  2133 | D:4      | Reached XP level 6. HP: 30/30 MP: 7/7
  2136 | D:4      | Reached skill level 6 in Dodging
  2202 | D:4      | Reached XP level 7. HP: 31/35 MP: 8/8
  2266 | D:4      | Noticed Robin
  2274 | D:4      | HP: 5/35 [goblin/+0 dagger[Robin] (4)]
  2275 | D:4      | 2275 ||| DRINKING potion of heal wounds.
  2280 | D:4      | Killed Robin
  2280 | D:4      | HP: 8/35 [iguana (8)]
  2280 | D:4      | Slain by a goblin

Levels and vault maps discovered:
D:1:      dpeg_arrival_triangle_fractal, layout_basic,
          hellmonk_ecumenical_altar_zigzags, hangedman_glass_teeth,
          minmay_cupped
D:2:      layout_loops_ring
D:3:      layout_rooms, cheibrodos_gnoll_hut
D:4:      minmay_clustersquares, layout_basic, mainiacjoe_overflow_chevrons,
          uniq_duvessa, uniq_robin

Skill      XL: |  1  2  3  4  5  6  7 |
---------------+----------------------+-----
Dodging        | 3 4 5 6 7 |  7.0
Ranged Weapons | 5 6 7 |  7.1
Fighting       | 2 |  2.2
Stealth        | |  1.5

Action                     |  1- 3 |  4- 6 |  7- 9 || total
---------------------------+-------+-------+-------++-------
   Fire: Shortbow          |    96 |    42 |       ||   138
         Arbalest          |       |    33 |    21 ||    54
    Use: Scroll            |     4 |     6 |       ||    10
         Potion            |       |     2 |     1 ||     3
 Armour: Robe              |    20 |    16 |    19 ||    55
  Dodge: Dodged            |    69 |    51 |    39 ||   159

Table legend:
 A = Non-vault XP
 B = Vault XP
 C = Vault XP percentage of total XP
 D = Non-vault monster count
 E = Vault monster count
 F = Vault count percentage of total count
                 A         B        C        D         E       F
            +---------+---------+-------+---------+---------+-------
      Total |     213 |     707 |  76.8 |      46 |      31 |  40.3
            +---------+---------+-------+---------+---------+-------
        D:1 |      30 |       8 |  21.1 |      16 |       5 |  23.8
        D:2 |      29 |       0 |   0.0 |      10 |       0 |   0.0
        D:3 |      69 |      96 |  58.2 |      18 |       3 |  14.3
        D:4 |      85 |     603 |  87.6 |       2 |      23 |  92.0
            +---------+---------+-------+---------+---------+-------
